 Dungeon Crawl Stone Soup version 0.20.1-1-g8b1a95d (webtiles) character file.

443 manon the Slasher (level 6, -7/47 HPs)
             Began as a Demonspawn Fighter on Sept 7, 2017.
             Was an Initiate of Okawaru.
             Mangled by an ogre
             ... wielding a +0 giant club
              (21 damage)
             ... on level 4 of the Dungeon.
             The game lasted 00:10:19 (3440 turns).

manon the Slasher (Demonspawn Fighter)              Turns: 3440, Time: 00:10:20

Health: -7/47      AC: 10    Str: 17    XL:     6   Next: 71%
Magic:  6/6        EV:  9    Int:  9    God:    Okawaru [......]
Gold:   148        SH:  9    Dex: 14    Spells: 5/5 levels left

rFire    + . .     SeeInvis .   a - +0 long sword
rCold    . . .     Gourm    .   c - +0 shield
rNeg     . . .     Faith    .   b - +0 scale mail
rPois    .         Spirit   .   n - +0 helmet
rElec    .         Reflect  .   x - +0 cloak (curse)
rCorr    .         Harm     .   (no gloves)
MR       .....                  (no boots)
Stlth    ..........             (no amulet)
Regen    0.2/turn               (no ring)
MPRegen  0.1/turn               (no ring)

@: no status effects
A: molten scales 1, fire resistance 1
a: Renounce Religion


You were on level 4 of the Dungeon.
You worshipped Okawaru.
Okawaru was noncommittal.
You were not hungry.

You visited 2 branches of the dungeon, and saw 5 of its levels.

You collected 148 gold pieces.

Inventory:

Hand Weapons
 a - a +0 long sword (weapon)
 o - a +0 hunting sling
Missiles
 q - 49 stones (quivered)
 B - 18 bolts
Armour
 b - a +0 scale mail (worn)
 c - a +0 shield (worn)
 n - a +0 helmet (worn)
 x - a cursed +0 cloak (worn)
Jewellery
 u - an uncursed ring of fire {unknown}
 y - a +3 amulet of reflection {unknown}
Scrolls
 d - a scroll of blinking {unknown}
 g - 6 scrolls of teleportation {unknown}
 h - 2 scrolls of remove curse {unknown}
 k - a scroll of amnesia {unknown}
 l - 4 scrolls of identify {unknown}
 p - 2 scrolls of magic mapping {unknown}
 s - a scroll of enchant armour {unknown}
 t - a scroll of noise {unknown}
Potions
 e - a potion of heal wounds
 i - a potion of flight
 j - a potion of brilliance {unknown}
 r - a potion of lignification {unknown}
 v - a potion of berserk rage {unknown}
 w - 2 potions of haste {unknown}
 z - a potion of resistance {unknown}
 A - a potion of curing
Comestibles
 f - a bread ration
 m - a meat ration


   Skills:
 - Level 3.0 Fighting
 * Level 5.4 Long Blades
 - Level 2.6 Armour
 + Level 3.5 Dodging
 - Level 2.6 Shields


You had 5 spell levels left.
You didn't know any spells.

Dungeon Overview and Level Annotations

Branches:
Dungeon (4/15)             Temple (1/1) D:4

Altars:
Cheibriados
Dithmenos
Fedhas
Nemelex Xobeh
Okawaru
Ru
Sif Muna
Trog
Uskayaw
Xom


Innate Abilities, Weirdness & Mutations

You are partially covered in molten scales. (AC +2)
Your flesh is heat resistant. (rF+)


Message History

The orc is heavily wounded.
The orc barely misses you.
You hit the orc.
You kill the orc!
Okawaru accepts your kill.
You hear some strange, mumbled words.
You hit the ogre.
The ogre is lightly wounded.
The ogre hits you but does no damage.
You hit the ogre.
The ogre is heavily wounded.
You block the ogre's attack.
You hit the ogre but do no damage.
The ogre is heavily wounded.
The ogre hits you with a giant club!!
* * * LOW HITPOINT WARNING * * *
You slash the ogre!
The ogre is severely wounded.
The ogre hits you with a giant club!!
You die...

#......<.##
#.####...# ##
#...####### .
#.........#
#.#..######.#
#.##.#..#
#.......#
####.#)#######.#
......!..@O{....#
#################


You could see an ogre.

Vanquished Creatures
  A gnoll sergeant (D:3)
  2 hounds (D:3)
  2 orc priests (D:3)
  2 orc wizards
  8 gnolls
  2 adders (D:3)
  3 oozes
  3 worms (D:2)
  A dart slug (D:1)
  5 leopard geckos
  8 orcs
  A ball python (D:2)
  5 giant cockroaches
  8 goblins
  10 hobgoblins
  5 jackals
  7 kobolds
  A quokka (D:2)
  3 bats
  6 frilled lizards
  10 rats
93 creatures vanquished.

Notes
Turn   | Place    | Note
-------+----------+-------------------------------------------
     0 | D:1      | manon the Demonspawn Fighter began the quest for the Orb.
     0 | D:1      | Reached XP level 1. HP: 18/18 MP: 1/1
   141 | D:1      | Reached skill level 2 in Long Blades
   234 | D:1      | Gained mutation: You are partially covered in molten scales. (AC +2) [demonic ancestry]
   234 | D:1      | Reached XP level 2. HP: 22/24 MP: 2/2
   454 | D:1      | Reached skill level 1 in Dodging
   742 | D:1      | Gained mutation: Your flesh is heat resistant. (rF+) [demonic ancestry]
   742 | D:1      | Reached XP level 3. HP: 29/29 MP: 3/3
   998 | D:2      | Reached skill level 3 in Long Blades
  1750 | D:2      | Reached XP level 4. HP: 35/35 MP: 4/4
  1938 | D:3      | Reached skill level 4 in Long Blades
  1938 | D:3      | Reached XP level 5. HP: 34/41 MP: 5/5
  2460 | D:3      | Reached skill level 5 in Long Blades
  2460 | D:3      | Reached XP level 6. HP: 27/47 MP: 6/6
  2987 | D:4      | Found a staircase to the Ecumenical Temple.
  2996 | Temple   | Entered the Ecumenical Temple
  3038 | Temple   | Became a worshipper of Warmaster Okawaru
  3440 | D:4      | Mangled by an ogre

Skill      XL: |  1  2  3  4  5 |
---------------+----------------+-----
Long Blades    | 2 3 4 5 |  5.4
Dodging        | 1 2 3 |  3.5
Fighting       | |  3.0
Armour         | |  2.6
Shields        | |  2.6

Action                   |  1- 3 |  4- 6 || total
-------------------------+-------+-------++-------
Melee: Long sword        |   191 |   162 ||   353
  Use: Potion            |       |     6 ||     6
  Eat: Chunk             |     3 |     3 ||     6
       Meat ration       |       |     1 ||     1
Armor: Scale mail        |    79 |    78 ||   157
Dodge: Dodged            |    50 |    59 ||   109
Block: Shield            |    94 |    82 ||   176
       Rpst.: Long sword |    15 |    22 ||    37
